 Dungeon Crawl Stone Soup version 0.29.0-4-gdea44cf6ec (webtiles) character file.

Game seed: 1459399191435596591

115 qw the Chopper (level 4, -8/39 HPs)
             Began as a Minotaur Fighter on Sept 4, 2022.
             Mangled by Sigmund
             ... wielding a +0 scythe
              (10 damage)
             ... on level 3 of the Dungeon.
             The game lasted 00:00:48 (2302 turns).

qw the Chopper (Minotaur Fighter)                   Turns: 2302, Time: 00:00:49

Health: -8/39      AC: 10    Str: 22    XL:     4   Next: 68%
Magic:  3/3        EV:  7    Int:  5    God:
Gold:   69         SH:  4    Dex: 10    Spells: 3/3 levels left

rFire   . . .      SeeInvis .   Y - +0 war axe
rCold   . . .      Faith    .   c - +0 buckler
rNeg    . . .      Spirit   .   j - +0 chain mail
rPois   .          Reflect  .   (helmet restricted)
rElec   .          Harm     .   (no cloak)
rCorr   .          Rampage  .   (no gloves)
Will    .....                   g - +0 pair of boots
Stlth   ..........              (no amulet)
HPRegen 0.13/turn               (no ring)
MPRegen 0.08/turn               (no ring)

@: no status effects
A: horns 2, retaliatory headbutt
a: no special abilities


You were on level 3 of the Dungeon.
You visited 1 branch of the dungeon, and saw 3 of its levels.

You collected 135 gold pieces.
You spent 66 gold pieces at shops.


Innate Abilities, Weirdness & Mutations

You have a pair of horns on your head.
You reflexively headbutt those who attack you in melee.


   Skills:
 - Level 3.6 Fighting
 + Level 5.8 Axes
 - Level 3.6 Armour
 - Level 1.0 Dodging
 - Level 3.6 Shields


You had 3 spell levels left.
You didn't know any spells.
Your spell library was empty.

Inventory:

Hand Weapons
 n - a +0 morningstar
 Y - a +0 war axe (weapon)
Armour
 c - a +0 buckler (worn)
 g - a +0 pair of boots (worn)
 j - a +0 chain mail (worn)
Scrolls
 a - a scroll of identify
 o - a scroll of teleportation
Potions
 b - a potion of heal wounds {unknown}
 d - a potion of might
 e - a potion of haste
 h - a potion of curing
 k - a potion of brilliance {unknown}
 m - a potion of mutation {unknown}

Dungeon Overview and Level Annotations

Branches:
Dungeon (3/15)

Altars:

Shops:
D:2 ?

Annotations:
D:3 Sigmund


Message History

You barely miss the adder. Your headbutt misses the adder.
The adder is almost dead.
The adder bites you but does no damage. The adder closely misses you.
You miss the adder.
The adder is almost dead.
The adder bites you but does no damage.
You hit the adder.
You kill the adder!
Sigmund and a bat come into view.
The bat hits you but does no damage.
You barely miss the bat. Your headbutt misses the bat.
The bat hits you but does no damage.
You hit the bat.
You kill the bat!
Sigmund casts a spell.
Sigmund flickers and vanishes!
Deactivating autopickup; reactivate with Ctrl-A.
You swing at nothing.
A puff of flame appears from out of thin air!
The puff of flame hits you.
You swing at nothing.
You swing at nothing.
Something hits you!
You swing at nothing.
Something hits you.
You swing at nothing.
A magic dart appears from out of thin air!
The magic dart hits you.
You swing at nothing.
A magic dart appears from out of thin air!
The magic dart hits you!
You swing at nothing.
Something hits you but does no damage.
You swing at nothing.
Something hits you.
You swing at nothing.
Something hits you.
You swing at nothing.
Something hits you!
You die...

#. #. #. #. #.
#{
##.###.#######
.......@.....#
...!...#####.#
##.#########.#
##......#####
............#
##.########.#
# #.# #.# #.#


There were no monsters in sight!

Vanquished Creatures
  Terence (D:2)
  An orc wizard (D:3)
  An adder (D:3)
  2 worms (D:2)
  2 dart slugs
  3 orcs (D:3)
  7 bats
  5 endoplasms
  4 goblins
  2 hobgoblins
  4 kobolds (D:2)
  A quokka (D:2)
  5 ball pythons
  2 frilled lizards
  6 rats
46 creatures vanquished.

Notes
Turn   | Place    | Note
-------+----------+-------------------------------------------
     0 | D:1      | qw the Minotaur Fighter began the quest for the Orb.
     0 | D:1      | Reached XP level 1. HP: 19/19 MP: 0/0
     0 | D:1      | 0 ||| qw: Version: 0.1-a-103-gd6f5d3a
     0 | D:1      | 0 ||| qw: Game counter: 5640
     0 | D:1      | 0 ||| qw: Always use a shield: true
     0 | D:1      | 0 ||| qw: God list: Ru
     0 | D:1      | 0 ||| qw: Allow faded altars: false
     0 | D:1      | 0 ||| qw: Do Orc after D:15 true
     0 | D:1      | 0 ||| qw: Do second Lair branch before Depths: true
     0 | D:1      | 0 ||| qw: Lair rune preference: random
     0 | D:1      | 0 ||| qw: Plans: Normal
     0 | D:1      | 0 ||| PLANNING D:1-11
   447 | D:1      | Found a faded altar of an unknown god.
   469 | D:1      | Reached skill level 3 in Axes
   557 | D:1      | Reached XP level 2. HP: 26/26 MP: 1/1
  1108 | D:1      | 1108 ||| UPGRADING to +0 pair of boots.
  1113 | D:1      | 1113 ||| READING scroll labelled XERCHE JUMOBRYO.
  1114 | D:1      | 1114 ||| READING scroll labelled ZYCZETU OVOH.
  1117 | D:1      | 1117 ||| READING scroll labelled WIDUDA YVYPNUCS.
  1190 | D:2      | Reached skill level 4 in Axes
  1343 | D:2      | 1343 ||| DROPPING +0 club.
  1370 | D:2      | Reached XP level 3. HP: 31/31 MP: 2/2
  1493 | D:2      | Noticed Terence
  1500 | D:2      | Killed Terence
  1501 | D:2      | Reached skill level 5 in Axes
  1687 | D:2      | Reached skill level 1 in Dodging
  1687 | D:2      | Reached XP level 4. HP: 29/39 MP: 3/3
  1797 | D:2      | 1797 ||| DROPPING +0 whip.
  2051 | D:2      | Found Ymodiuha's Magic Scroll Shop.
  2059 | D:2      | 2059 ||| BUYING scroll of identify (22 gold).
  2059 | D:2      | Bought a scroll of identify for 22 gold pieces
  2059 | D:2      | 2059 ||| BUYING scroll of identify (22 gold).
  2059 | D:2      | Bought a scroll of identify for 22 gold pieces
  2059 | D:2      | 2059 ||| BUYING scroll of identify (22 gold).
  2059 | D:2      | Bought a scroll of identify for 22 gold pieces
  2081 | D:2      | 2081 ||| UPGRADING to +0 chain mail.
  2091 | D:2      | 2091 ||| DROPPING +0 scale mail.
  2092 | D:2      | 2092 ||| DROPPING orb of mayhem.
  2093 | D:2      | 2093 ||| READING scroll labelled SUDICRATIF.
  2094 | D:2      | 2094 ||| READING 4 scrolls of identify.
  2094 | D:2      | 2094 ||| IDENTIFYING dark potion
  2095 | D:2      | 2095 ||| READING 3 scrolls of identify.
  2095 | D:2      | 2095 ||| IDENTIFYING fuming black potion
  2096 | D:2      | 2096 ||| READING 2 scrolls of identify.
  2096 | D:2      | 2096 ||| IDENTIFYING bubbling amethyst potion
  2097 | D:2      | 2097 ||| DROPPING potion of lignification.
  2290 | D:3      | Noticed Sigmund
  2298 | D:3      | HP: 8/39 [something/magic dart (7)]
  2301 | D:3      | HP: 2/39 [something (3)]
  2302 | D:3      | Mangled by Sigmund

Levels and vault maps discovered:
D:1:      dpeg_arrival_circle_labyrinth_c, layout_basic,
          ebering_ecumenical_altar_rust
D:2:      layout_basic, serial_shops,
          nicolae_shop_temple_entry_statues_fountains, dk_noncrumbling_4,
          roderic_serpentine_path, uniq_terence
D:3:      layout_loops_ring, mainiacjoe_overflow_alcove_1, serial_shops, shop,
          grunt_ministairs_12, uniq_sigmund

Skill      XL: |  1  2  3 |
---------------+----------+-----
Axes           | 3 4 5 |  5.8
Dodging        | 1 |  1.0
Fighting       | |  3.6
Armour         | |  3.6
Shields        | |  3.6

Action                   |  1- 3 |  4- 6 || total
-------------------------+-------+-------++-------
Melee: War axe           |    70 |    19 ||    89
       Headbutt          |     5 |     1 ||     6
  Use: Scroll            |     3 |     4 ||     7
Armor: Scale mail        |    20 |     1 ||    21
       Chain mail        |       |     7 ||     7
Dodge: Dodged            |    19 |     5 ||    24
Block: Buckler           |     9 |     2 ||    11

Table legend:
 A = Non-vault XP
 B = Vault XP
 C = Vault XP percentage of total XP
 D = Non-vault monster count
 E = Vault monster count
 F = Vault count percentage of total count
                 A         B        C        D         E       F
            +---------+---------+-------+---------+---------+-------
      Total |      84 |      81 |  49.1 |      40 |       6 |  13.0
            +---------+---------+-------+---------+---------+-------
        D:1 |      23 |       0 |   0.0 |      13 |       0 |   0.0
        D:2 |      44 |      36 |  45.0 |      24 |       1 |   4.0
        D:3 |      17 |      45 |  72.6 |       3 |       5 |  62.5
            +---------+---------+-------+---------+---------+-------
